 Dungeon Crawl Stone Soup version 0.17.1-1-g73c8601 (console) character file.

234 Kloppie the Skirmisher (level 6, -3/33 HPs)
             Began as a Vine Stalker Fighter on Dec 27, 2015.
             Slain by an ogre
             ... wielding a +0 giant spiked club
              (17 damage)
             ... on level 4 of the Dungeon.
             The game lasted 00:03:19 (1763 turns).

Kloppie the Skirmisher (Vine Stalker Fighter)       Turns: 1763, Time: 00:03:20

Health: -3/33      AC:  6    Str: 18    XL:     6   Next: 5%
Magic:  0/7        EV:  6    Int:  8    God:
Gold:   280        SH:  9    Dex: 16    Spells: 0 memorised, 5 levels left

rFire  . . .     SeeInvis .     a - +0 rapier
rCold  . . .     Clarity  .     b - +0 scale mail
rNeg   . . .     SustAt   .     c - +0 shield
rPois  .         Gourm    .     (no helmet)
rElec  .         Spirit   +     (no cloak)
rCorr  .         Warding  .     (no gloves)
rMut   .         Stasis   .     (no boots)
MR     .....                    (no amulet)
Stlth  ..........               (no ring)
                                (no ring)

@: drained, not resistant to hostile enchantments, extremely unstealthy
A: fangs 2, regeneration 2, magic shield, antimagic bite, no device heal 3, rot
immunity
a: no special abilities


You were on level 4 of the Dungeon.
You were not hungry.

You visited 1 branch of the dungeon, and saw 4 of its levels.

You collected 280 gold pieces.

Inventory:

Hand Weapons
 a - a +0 rapier (weapon)
 x - a +0 dagger of draining
Armour
 b - a +0 scale mail (worn)
 c - a +0 shield (worn)
Jewellery
 h - an uncursed ring of sustain attributes {unknown}
Wands
 u - a wand of digging (16)
Scrolls
 j - 7 scrolls of identify {unknown}
 k - 2 scrolls of remove curse {unknown}
 m - 3 scrolls of teleportation {unknown}
 n - a scroll of recharging {unknown}
 q - a scroll of noise {unknown}
 r - 2 scrolls of random uselessness {unknown}
 t - a scroll of fear {unknown}
Potions
 d - a potion of might
 g - a potion of cancellation {unknown}
 i - a potion of mutation {unknown}
 l - a potion of curing {unknown}
 o - a potion of haste {unknown}
 p - a potion of heal wounds {unknown}
Comestibles
 e - a bread ration
 f - a royal jelly
 s - 2 meat rations
 v - a slice of pizza
 w - 3 chunks of flesh


   Skills:
 + Level 3.9(3.5) Fighting
 + Level 3.5(3.1) Short Blades
 + Level 3.7(3.3) Armour
 - Level 2.6(2.3) Shields


You had 5 spell levels left.
You didn't know any spells.

Dungeon Overview and Level Annotations

Branches:
Dungeon (4/15)
 Temple: D:4-7

Altars:


Innate Abilities, Weirdness & Mutations

You have extremely sharp teeth.
You heal very quickly.
When hurt, damage is shared between your health and your magic reserves.
Your bite disrupts and absorbs the magic of your enemies.
Potions and wands cannot restore your health.
You are immune to rotting.


Message History

You puncture the orc!
You kill the orc!
No target in view!
No target in view!
An ogre comes into view. It is wielding a giant spiked club.
The ogre shouts!
Things that are here:
a mace; an orc corpse You hit the ogre.
The ogre is moderately wounded.
The ogre hits you with a giant spiked club!!
Ouch! That really hurt!
* * * LOW HITPOINT WARNING * * *
You are too injured to fight recklessly!
You are too injured to fight recklessly!
You hit the ogre but do no damage.
The ogre is moderately wounded.
The ogre hits you with a giant spiked club!!
Ouch! That really hurt!
You die...

... ..# .. ... ...
#.##.# ... #(.#.#
.. # # #.#.###...
.# #.##...... .#
.# #......### .#
.#.
####..:..##O######
..
#......#..@.....!.
####
#.###..####.######
...####......# .#
##............. .#
....###....#.###
## ##..# ........#
##..# ........#
....#..........
...#####...####


You could see an ogre.

Vanquished Creatures
  3 orc wizards
  A hound (D:4)
  5 adders
  An ooze (D:1)
  2 worms (D:2)
  4 giant geckos
  3 orcs
  A ball python (D:3)
  6 bats
  6 hobgoblins
  14 jackals
  7 kobolds
  A quokka (D:3)
  2 giant cockroaches
  4 giant newts
  5 goblins
  5 rats
70 creatures vanquished.

Notes
Turn   | Place    | Note
--------------------------------------------------------------
     0 | D:1      | Kloppie the Vine Stalker Fighter began the quest for the Orb.
     0 | D:1      | Reached XP level 1. HP: 11/11 MP: 2/2
   204 | D:1      | Reached XP level 2. HP: 11/16 MP: 0/3
   432 | D:1      | Reached skill level 3 in Fighting
   432 | D:1      | Reached XP level 3. HP: 17/20 MP: 4/4
   724 | D:2      | Reached XP level 4. HP: 24/24 MP: 5/5
  1472 | D:3      | Reached XP level 5. HP: 28/28 MP: 6/6
  1725 | D:4      | Gained mutation: You heal very quickly. [Vine Stalker growth]
  1725 | D:4      | Reached XP level 6. HP: 21/33 MP: 7/7
  1761 | D:4      | Noticed an ogre
  1763 | D:4      | Slain by an ogre

Action                   |  1- 3 |  4- 6 || total
-------------------------+-------+-------++-------
Melee: Rapier            |   110 |   148 ||   258
  Eat: Chunk             |       |     3 ||     3
